AoeStats
← Cactusman

Arena

505053565Analyzed
2v2 RM · 26d ago on Sep 7, 2026· 38m 54s· 4 players
Game mode
Random Map
Map size
Medium (4 player)
Population
200
Speed
Normal
Resources
Standard
Victory
Conquest
Starting age
Dark Age
Ending age
Imperial Age
RankedLock teamsTeams togetherTeam positionsShared explorationLock speedFull tech treeHidden civsTurbo modeCheats
Victory
Defeat
🇺🇸 Persians · United States
1223
+12
🇨🇦 Dravidians · Canada
1147
+16
🇺🇸 Muisca · United States
1146
-14
🇺🇸 Chinese · United States
1136
-14
Naattt
9:31 Feudal Age
8:49 Loom
12:13 Horse Collar
12:24 Double-Bit Axe
13:20 Forging
17:11 Horse Collar
23:16 Castle Age
24:53 Fletching
27:45 Arson
28:00 Squires
29:30 Scale Mail Armor
35:22 Bow Saw
35:22 Heavy Plow
39:20 Imperial Age
37:38 Wheelbarrow
39:05 Chain Mail Armor
39:25 Iron Casting
39:38 Hand Cart
Cactusman
6:36 Loom
10:37 Feudal Age
11:26 Double-Bit Axe
19:52 Castle Age
18:39 Gold Mining
20:43 Wheelbarrow
20:46 Bow Saw
20:08 Crossbowman
21:43 Fletching
26:21 Husbandry
27:05 Bloodlines
28:49 Gold Shaft Mining
30:54 Imperial Age
29:26 Scale Barding Armor
29:31 Horse Collar
30:18 Forging
30:47 Cavalier
32:27 Chain Barding Armor
34:27 Two-Man Saw
35:11 Hand Cart
35:09 Savar
37:39 Plate Barding Armor
37:40 Iron Casting
Bobby Hill
5:29 Loom
10:25 Feudal Age
11:00 Double-Bit Axe
11:08 Gold Mining
12:22 Wheelbarrow
12:10 Horse Collar
18:47 Castle Age
16:35 Loom
17:25 Champi Runner
18:30 Scale Mail Armor
18:40 Forging
19:16 Champi Warrior
20:51 Squires
21:36 Pikeman
28:15 Stone Mining
28:48 Heavy Plow
30:01 Town Watch
30:41 Bow Saw
30:57 Fletching
38:53 Imperial Age
37:00 Hand Cart
37:09 Padded Archer Armor
39:15 Bodkin Arrow
aRawDeal
0:31 Loom
10:18 Feudal Age
10:54 Arson
11:03 Man-at-Arms
14:13 Double-Bit Axe
20:05 Wheelbarrow
19:46 Horse Collar
24:54 Castle Age
23:21 Stone Mining
24:12 Gold Mining
25:43 Fletching
25:29 Crossbowman
26:47 Hand Cart
30:26 Bodkin Arrow
31:51 Murder Holes
32:13 Masonry
35:43 Imperial Age
33:40 Padded Archer Armor
34:33 Fortified Wall
34:30 Scale Mail Armor
35:33 Leather Archer Armor
36:03 Town Watch
36:36 Bracer
37:38 Architecture
38:17 Ring Archer Armor
38:42 Conscription
Connection lost

Rejoining the realm…

Still unreachable

The connection could not be restored.

Session expired

The server has moved on; the page needs a fresh start.